 Dungeon Crawl Stone Soup version 0.22.0-38-g04b72b8c25 (webtiles) character file.

1468000 TheWayOfAllFlesh the Acrobat (level 27, 198/198 HPs)
             Began as a Deep Elf Conjurer on Aug 24, 2018.
             Was the Champion of Vehumet.
             Escaped with the Orb
             ... and 3 runes on Aug 25, 2018!
             The game lasted 03:31:39 (98110 turns).

TheWayOfAllFlesh the Acrobat (Deep Elf Conjurer)   Turns: 98110, Time: 03:31:40

Health: 198/198    AC: 11    Str:  5    XL:     27
Magic:  65/65      EV: 32    Int: 43    God:    Vehumet [******]
Gold:   2391       SH: 15    Dex: 16    Spells: 18/68 levels left

rFire    + + +     SeeInvis .   a - staff of power
rCold    + + .     Gourm    .   r - +4 buckler of the Saviour {rPois rC+ Int+4}
rNeg     . . .     Faith    .   T - +0 robe of Abstinence {rF+ Int+5 Stlth+}
rPois    +         Spirit   .   I - +2 helmet "Falerhyu" {rC+}
rElec    .         Reflect  +   K - scarf {rC+ rF+}
rCorr    .         Harm     .   N - +2 pair of gloves {Dex+3}
MR       +++..                  m - +2 pair of boots of the Assassin {Detection Stab+ Stlth++}
Stlth    ++........             A - +5 amulet of reflection
HPRegen  0.43/turn              k - ring of protection from magic
MPRegen  0.39/turn              X - ring of fire

@: no status effects
A: clumsy 1, robust 1, subdued magic 1
0: Orb of Zot
}: 3/15 runes: barnacled, slimy, gossamer
a: Renounce Religion


You escaped.
You worshipped Vehumet.
Vehumet was exalted by your worship.
You were very full.

You visited 11 branches of the dungeon, and saw 53 of its levels.
You visited 1 bazaar.
You also visited: Sewer and Ice Cave.

You collected 5575 gold pieces.
You spent 3184 gold pieces at shops.

Inventory:

Hand Weapons
 n - a +8 demon whip of draining
Missiles
 e - 12 throwing nets (quivered)
Armour
 m - the +2 pair of boots of the Assassin (worn) {Detection Stab+ Stlth++}
   (You bought it in a shop on level 2 of the Orcish Mines)

   It makes you much more stealthy.
 r - the +4 buckler of the Saviour (worn) {rPois rC+ Int+4}
   (You acquired it on level 1 of the Shoals)

   It affects your intelligence (+4).
   It protects you from cold.
   It protects you from poison.
 I - the +2 helmet "Falerhyu" (worn) {rC+}
   (You found it on level 2 of the Lair of Beasts)

   It protects you from cold.
 K - a scarf of resistance (worn)
 N - a +2 pair of gloves of dexterity (worn)
 T - the +0 robe of Abstinence (worn) {rF+ Int+5 Stlth+}
   (You found it on level 11 of the Dungeon)

   It affects your intelligence (+5).
   It protects you from fire.
   It makes you more stealthy.
Magical Staves
 a - an uncursed staff of power (weapon)
 b - an uncursed staff of air
Jewellery
 k - a ring of protection from magic (left hand)
 s - an uncursed ring of positive energy
 A - a +5 amulet of reflection (around neck)
 H - an uncursed ring of see invisible
 X - a ring of fire (right hand)
Wands
 t - a wand of iceblast (30)
 w - a wand of acid (33)
 C - a wand of clouds (6)
 P - a wand of paralysis (15)
 Y - a wand of digging (21)
 Z - a wand of enslavement (16)
Scrolls
 h - 15 scrolls of enchant armour
 i - 13 scrolls of teleportation
 j - 19 scrolls of remove curse
 y - 22 scrolls of identify
 z - a scroll of magic mapping
 F - 6 scrolls of immolation
 G - 8 scrolls of fog
 J - 6 scrolls of blinking
 L - 3 scrolls of silence
 O - 5 scrolls of fear
Potions
 d - 24 potions of curing
 f - 2 potions of resistance
 g - 15 potions of heal wounds
 l - 8 potions of agility
 o - 4 potions of brilliance
 q - 12 potions of flight
 u - 2 potions of magic
 v - a potion of invisibility
 x - a potion of berserk rage
 B - 4 potions of mutation
 E - 9 potions of haste
 R - 4 potions of cancellation
 S - 7 potions of might
 W - 6 potions of ambrosia
Miscellaneous
 U - a lamp of fire
 V - a phial of floods
Comestibles
 c - 58 rations


   Skills:
 + Level 20.5 Fighting
 + Level 1.2 Armour
 + Level 26.3 Dodging
 - Level 2.4 Stealth
 - Level 6.5 Shields
 - Level 21.0 Spellcasting
 - Level 21.0 Conjurations
   Level 4.1 Hexes
 - Level 8.0 Summonings
 - Level 4.0 Translocations
 + Level 20.7 Fire Magic
   Level 10.0 Ice Magic
 - Level 2.0 Air Magic
 - Level 10.0 Earth Magic
 - Level 4.0 Poison Magic


You had 18 spell levels left.
You knew the following spells:

 Your Spells              Type           Power        Failure   Level  Hunger
a - Fire Storm            Conj/Fire      ########..   1%          9    ###....
b - Poisonous Vapours     Pois/Air       ######       1%          2    None
c - Iron Shot             Conj/Erth      #######...   1%          6    None
e - Fireball              Conj/Fire      ########..   0%          5    None
f - Bolt of Fire          Conj/Fire      ########..   0%          6    None
g - Blink                 Tloc           N/A          1%          2    None
i - Passage of Golubria   Tloc           N/A          1%          4    None
j - Apportation           Tloc           ######       1%          1    None
p - Ignition              Fire           ########..   1%          8    None
z - Spellforged Servitor  Conj/Summ      #######...   1%          7    None

Your spell library contained the following spells:

 Spells                   Type           Power        Failure   Level  Hunger
 Glaciate                 Conj/Ice       #######...   19%         9    ###....
 Shatter                  Erth           #######...   83%         9    ###....
 Freeze                   Ice            ####         0%          1    None
 Magic Dart               Conj           ####         0%          1    None
 Sandblast                Erth           ######       0%          1    None
 Sting                    Conj/Pois      ####         0%          1    None
 Summon Small Mammal      Summ           ####         0%          1    None
 Call Imp                 Summ           ######..     0%          2    None
 Searing Ray              Conj           ######       0%          2    None
 Throw Frost              Conj/Ice       ######       0%          2    None
 Conjure Flame            Conj/Fire      ########     0%          3    None
 Dazzling Spray           Conj/Hex       ######       0%          3    None
 Ignite Poison            Fire/Tmut/Pois #######.     0%          3    None
 Mephitic Cloud           Conj/Pois/Air  #######.     0%          3    None
 Static Discharge         Conj/Air       #######.     0%          3    None
 Stone Arrow              Conj/Erth      ######       0%          3    None
 Force Lance              Conj/Tloc      #######.     0%          4    None
 Fulminant Prism          Conj/Hex       #######...   0%          4    None
 Iskenderun's Mystic Bla  Conj           ########     0%          4    None
 Throw Icicle             Conj/Ice       #######.     0%          4    None
 Bolt of Magma            Conj/Fire/Erth ########..   0%          5    None
 Animate Skeleton         Necr           N/A          1%          1    None
 Beastly Appendage        Tmut           ####..       1%          1    None
 Confusing Touch          Hex            ######       1%          1    None
 Corpse Rot               Necr           N/A          1%          2    None
 Passwall                 Tmut/Erth      ######..     1%          2    None
 Shroud of Golubria       Chrm/Tloc      #####.....   1%          2    None
 Slow                     Hex            ######..     1%          2    None
 Sticks to Snakes         Tmut           ####....     1%          2    None
 Sublimation of Blood     Necr           ####......   1%          2    None
 Confuse                  Hex            ######..     1%          3    None
 Gell's Gravitas          Tloc           ######....   1%          3    None
 Lesser Beckoning         Tloc           ######....   1%          3    None
 Ozocubu's Armour         Chrm/Ice       ######..     1%          3    None
 Portal Projectile        Hex/Tloc       ######       1%          3    None
 Recall                   Summ/Tloc      N/A          1%          3    None
 Spider Form              Tmut/Pois      #####.....   1%          3    None
 Teleport Other           Tloc           ######..     1%          3    None
 Ice Form                 Ice/Tmut       ######..     1%          4    None
 Leda's Liquefaction      Hex/Erth       ######....   1%          4    None
 Olgreb's Toxic Radiance  Pois           ######..     1%          4    None
 Petrify                  Tmut/Erth      ######..     1%          4    None
 Summon Ice Beast         Ice/Summ       #######.     1%          4    None
 Aura of Abjuration       Summ           ######....   1%          5    None
 Bolt of Draining         Conj/Necr      #######...   1%          5    None
 Borgnjor's Vile Clutch   Necr/Erth      ######....   1%          5    None
 Lee's Rapid Deconstruct  Erth           #######...   1%          5    None
 Lightning Bolt           Conj/Air       #######...   1%          5    None
 Metabolic Englaciation   Hex/Ice        ######....   1%          5    None
 Summon Demon             Summ           ######....   1%          5    None
 Summon Forest            Summ/Tloc      ######....   1%          5    None
 Summon Mana Viper        Hex/Summ       ######..     1%          5    None
 Venom Bolt               Conj/Pois      #######...   1%          5    None
 Yara's Violent Unravell  Hex/Tmut       #####.....   1%          5    None
 Bolt of Cold             Conj/Ice       #######...   1%          6    None
 Freezing Cloud           Conj/Ice/Air   #######...   1%          6    None
 Ozocubu's Refrigeration  Ice            #######...   1%          6    None
 Shadow Creatures         Summ           N/A          1%          6    None
 Silence                  Hex/Air        ######....   2%          5    None
 Animate Dead             Necr           N/A          3%          4    None
 Ring of Flames           Chrm/Fire      ########..   4%          7    None
 Simulacrum               Ice/Necr       ######....   7%          6    None
 Statue Form              Tmut/Erth      ######...    7%          6    None
 Agony                    Necr           ####....     11%         5    None
 Blade Hands              Tmut           ####......   11%         5    None
 Dispel Undead            Necr           ####....     11%         5    None
 Excruciating Wounds      Chrm/Necr      ####......   11%         5    None
 Dispersal                Tloc           ######....   12%         6    None
 Death Channel            Necr           ####......   52%         6    None
 Controlled Blink         Tloc           N/A          99%         8    None
 Disjunction              Tloc           ######....   99%         8    None
 Tornado                  Air            #####.....   100%        9    ###....


Dungeon Overview and Level Annotations

Branches:
Dungeon (15/15)            Temple (1/1) D:6            Lair (6/6) D:8
 Shoals (4/4) Lair:3       Spider (4/4) Lair:4        Slime (5/5) Lair:6
    Orc (2/2) D:10            Elf (0/3) Orc:2        Vaults (5/5) D:14
  Crypt (1/3) Vaults:3     Depths (5/5) D:15            Zot (5/5) Depths:5

Altars:
Dithmenos
Fedhas
Kikubaaqudgha
Makhleb
Okawaru
Qazlal
Sif Muna
Trog
Uskayaw
Vehumet
Wu Jian
Xom
Zin
The Shining One
Jiyva

Shops:
D:5 }   D:6 !   D:10 *   D:11 :   D:13 !   Orc:2 [*?[   Depths:1 *
Depths:3 }}=   Depths:4 }

Portals:
Hell: Depths:1 Depths:2 Depths:3 Depths:4 Depths:5
Abyss: Depths:1 Depths:2 Depths:4 Depths:5
Pandemonium: Depths:2 Depths:3
Ziggurat: Depths:2

Annotations:
D:3 exclusion: 2 downstairs
D:4 3 runed doors, rumpelstilzz's ghost, amateur CeFi
D:7 exclusion: downstairs
D:11 3 runed doors, Ulei's ghost, journeyman NaFi
D:12 exclusion: 2 downstairs
D:13 exclusion: 2 downstairs
D:14 exclusion: downstairs
Lair:1 3 runed doors, Flugkiller's ghost, journeyman DDFi
Lair:5 exclusion: downstairs
Vaults:3 3 runed doors, Dadweuku's ghost, adept DsMo; Reogah's ghost, adept MfBe
Vaults:4 exclusion: 3 downstairs
Vaults:5 triggered V5 by mistake, mennas, Mennas
Depths:2 exclusion: 2 downstairs
Zot:2 1 runed door, Plog's ghost, veteran DDFi


Innate Abilities, Weirdness & Mutations

You are clumsy. (Dex -2)
You are robust. (+10% HP)
Your spells are a little easier to cast, but a little less powerful.


Message History

As you read the scroll of teleportation, it crumbles to dust.
You feel strangely unstable.
You feel the Orb delaying your translocation!
You start waiting.
Your surroundings suddenly seem different.
Evoke which item? (* to show all) (? for menu, Esc to quit)
Aiming: Dig
Press: ? - help, Shift-Dir - straight line A rock wall.
This square is covered in magical glow.
The rock shatters into small pieces.
Your magical contamination has completely faded away.
You feel yourself speed up.
Your extra speed is starting to run out.
There is an open gate here.
You feel yourself slow down.
There is an open door here.
There is an open door here.
There is a staircase leading out of the dungeon here.
You have escaped!

.....#
#...§§.§..##......#...
.....#
#.§§§§§§§.##......#...
######
##§§§.§..###......#... ###
####§#### ########... ##..#
##8.8## ##..## #... #.≈..#
###'#####..≈.# #...
#.≈≈.###.....###....####...
#≈≈≈.#≈#.....#≈#.§§§#.#####
#§§≈≈#.'..@..'.#.§§§#......
#§≈≈.#≈#.....#≈#.§§§#......
#.≈≈.###.....###.≈≈.##.....
#.≈..# ###'#####....#######
##..# #...# ##.§## ###
####### #### #.......#
#.........# #.........#


There were no monsters in sight!

Vanquished Creatures
  Dissolution (Slime:4)
  the Royal Jelly (Slime:5)
  8 ancient liches
  5 orbs of fire
  A caustic shrike (Depths:5)
  2 Killer Klowns (Zot:5)
  5 golden dragons
  A pearl dragon (Depths:4)
  3 electric golems (Zot:5)
  3 liches
  Rupert (Lair:3)
  12 tentacled monstrosities
  An Ice Fiend (IceCv)
  24 Orb Guardians
  3 quicksilver dragons
  10 death cobs
  25 acid blobs
  5 sphinxes
  Kirke (Spider:2)
  5 shadow dragons
  7 storm dragons
  5 draconian monks
  5 tengu reavers
  Donald (Orc:2)
  3 daevas (Depths:4)
  12 azure jellies
  8 fire giants
  14 frost giants
  5 draconian knights
  5 draconian scorchers
  4 ghost moths
  5 emperor scorpions
  9 vault wardens
  3 angels (Depths:4)
  An iron dragon (Depths:4)
  A balrug (Depths:3)
  An orc warlord (Orc:1)
  A juggernaut zombie (Depths:5)
  3 deep elf sorcerers
  4 draconian shifters
  4 draconian stormcallers
  5 draconian annihilators
  A war gargoyle (Vaults:2)
  34 very ugly things
  11 green draconians
  9 entropy weavers
  12 ironheart preservers
  A stone giant (shapeshifter) (Depths:5)
  21 stone giants
  6 vampire knights
  A deep elf demonologist (Depths:5)
  8 spark wasps
  5 black draconians
  25 yellow draconians
  5 white draconians
  6 purple draconians
  A deep elf annihilator (Depths:5)
  Snorg (Lair:6)
  3 red draconians
  10 merfolk impalers
  19 ettins
  7 death oozes (Slime:5)
  4 deep elf high priests
  4 merfolk javelineers
  11 fire dragons
  Josephine (Lair:6)
  12 yaktaur captains
  13 great orbs of eyes
  Harold (Lair:1)
  7 rakshasas
  2 spriggan air magi
  6 catoblepae
  6 hydras
  An alligator snapping turtle (Shoals:4)
  13 ice dragons
  33 vault guards
  A quicksilver dragon skeleton (Depths:3)
  20 centaur warriors
  30 ogre magi
  A merfolk aquamancer (Shoals:4)
  2 death knights
  83 two-headed ogres
  A dancing weapon (Vaults:4)
  2 satyrs
  7 death yaks (Lair:6)
  A titan zombie (Depths:3)
  15 deep troll earth magi
  3 tengu warriors
  Urug (Lair:3)
  2 vampire magi
  4 spriggan berserkers
  8 deep troll shamans
  3 orc high priests (Orc:2)
  7 iron trolls
  A soul eater (Depths:3)
  2 deep elf knights
  An iron troll (shapeshifter) (Vaults:2)
  A sixfirhy (Depths:2)
  14 hell knights
  14 skeletal warriors
  A shadow wraith (Vaults:3)
  14 sea snakes
  2 spark wasp zombies
  4 unseen horrors
  4 cherubim (Depths:4)
  3 unseen horrors (shapeshifter)
  5 glowing orange brains
  A storm dragon skeleton (Depths:1)
  A death drake (shapeshifter) (Vaults:1)
  6 flayed ghosts
  30 deep trolls
  6 wizards
  4 deep elf archers
  A frost giant zombie (Depths:1)
  4 phantasmal warriors
  18 harpies
  12 ironbrand convokers
  A sphinx zombie (Depths:2)
  17 orc knights
  76 ugly things
  2 oklob plants (Zot:1)
  14 orb spiders
  9 deep elf magi
  7 fauns (Shoals:1)
  8 necromancers
  8 wolf spider zombies (Spider:3)
  7 orc sorcerers
  12 manticores
  10 shining eyes
  23 wolf spiders
  5 cyclopes
  2 iron dragon skeletons
  A moth of wrath (shapeshifter) (Vaults:3)
  8 elephants
  18 moths of wrath
  7 black mambas
  A black mamba (shapeshifter) (Depths:5)
  4 eyes of devastation
  A spiny frog (shapeshifter) (Vaults:2)
  4 ice statues
  17 vault sentinels
  2 centaur zombies
  2 gargoyles
  7 water nymphs
  2 torpor snails
  6 spiny frogs
  A yaktaur (shapeshifter) (Depths:5)
  A kobold demonologist (D:13)
  40 yaktaurs
  3 efreet
  11 ice devils (IceCv)
  4 komodo dragons
  3 rime drakes
  8 freezing wraiths
  18 demonic crawlers
  A tormentor (D:11)
  11 redback zombies
  5 tengu conjurers
  A yaktaur skeleton (Depths:1)
  A yaktaur zombie (Depths:1)
  21 jumping spiders
  8 trolls
  A polar bear (shapeshifter) (D:15)
  19 merfolk
  2 polar bears
  A troll (shapeshifter) (Depths:5)
  A queen bee (Lair:2)
  9 wind drakes
  7 hornets
  14 blink frogs
  2 raiju (shapeshifter)
  A fire giant simulacrum (Depths:1)
  3 hippogriffs (shapeshifter)
  A spriggan zombie (Depths:2)
  59 slime creatures
  A frost giant simulacrum (Vaults:2)
  A dream sheep (shapeshifter) (Depths:1)
  5 tarantella zombies (Spider:3)
  9 hippogriffs
  12 snapping turtles
  A human simulacrum (Vaults:3)
  An ice dragon skeleton (Depths:1)
  2 shadows
  A centaur simulacrum (D:15)
  22 tarantellas
  8 water elementals
  8 wraiths
  A spriggan (D:9)
  3 vampires (Vaults:3)
  71 redbacks
  4 basilisks
  A yak (shapeshifter) (D:13)
  9 wyverns
  A steam dragon (D:13)
  3 hogs (Spider:2)
  2 golden eyes (Slime:3)
  2 hungry ghosts
  8 vampire mosquitoes
  44 yaks
  A yaktaur simulacrum (Vaults:2)
  A chaos spawn (Depths:3)
  2 neqoxecs
  17 humans
  A soldier ant (shapeshifter) (Vaults:3)
  11 wargs
  A human zombie (Depths:3)
  A harpy simulacrum (IceCv)
  4 hydra simulacra (IceCv)
  5 iron troll simulacra (IceCv)
  14 water moccasins
  3 acid dragons (Vaults:1)
  9 porcupines
  A floating eye (Depths:3)
  A porcupine (shapeshifter) (Depths:5)
  39 orc warriors
  2 ettin simulacra
  2 black bears
  A phantom (D:5)
  2 sky beasts
  A black bear (shapeshifter) (Vaults:1)
  10 eyes of draining
  5 ice beasts
  30 centaurs
  58 ogres
  A tengu (shapeshifter) (Depths:5)
  24 boggarts
  19 wolves
  A necrophage (D:13)
  12 crocodiles
  A big kobold (D:13)
  18 bullfrogs
  A wyvern zombie (D:13)
  A hornet simulacrum (D:15)
  5 scorpions
  39 killer bees
  9 wights
  5 electric eels
  5 howler monkeys
  7 crimson imps
  5 bullfrog zombies
  5 quasits
  8 hounds
  30 jellies
  32 orc wizards
  A bullfrog skeleton (D:11)
  20 orc priests
  4 iguanas
  Terence (D:3)
  Jessica (D:6)
  13 worker ants
  10 merfolk sirens
  A hell rat (Lair:2)
  4 merfolk avatars
  A hound skeleton (D:4)
  A worker ant zombie (D:8)
  22 adders
  3 gnolls (D:4)
  3 river rats
  A howler monkey skeleton (D:7)
  2 shadow imps
  A white imp (Vaults:3)
  11 oozes
  3 adder skeletons
  A worm (D:2)
  3 dart slugs
  4 leopard geckos
  111 orcs
  5 ball pythons
  4 bats
  8 giant cockroaches
  8 goblins
  6 hobgoblins
  11 jackals
  20 kobolds
  4 quokkas
  7 frilled lizards
  A jackal skeleton (D:4)
  A jackal zombie (D:4)
  30 rats
  15 fungi
  25 plants
2438 creatures vanquished.

Vanquished Creatures (collateral kills)
  A juggernaut (Depths:5)
  A golden dragon (Zot:1)
  A lich (Vaults:4)
  2 quicksilver dragons
  4 Orb Guardians (Zot:5)
  An acid blob (Zot:1)
  A death cob (Zot:5)
  A fire giant (Zot:2)
  A storm dragon (Zot:1)
  An iron dragon (Depths:5)
  An emperor scorpion (Spider:4)
  A draconian knight (Zot:2)
  A draconian stormcaller (Zot:1)
  A draconian shifter (Zot:1)
  2 ironheart preservers (Vaults:2)
  A very ugly thing (Depths:1)
  A yellow draconian (Zot:5)
  An ice dragon (Depths:3)
  A yaktaur captain (Depths:5)
  2 vault guards
  5 two-headed ogres
  2 death knights
  An ogre mage (Vaults:2)
  An iron troll (Zot:2)
  2 cherubim (Depths:4)
  2 hell knights
  A deep troll (Depths:3)
  An ironbrand convoker (Vaults:3)
  2 orc knights
  3 wolf spiders
  A cyclops (Vaults:1)
  An orb spider (Spider:4)
  3 moths of wrath (Zot:2)
  A vault sentinel (Vaults:2)
  A freezing wraith (Vaults:4)
  2 efreet (Zot:2)
  2 yaktaurs
  10 demonic crawlers
  A troll (Zot:2)
  A hornet (Spider:4)
  2 jumping spiders (Spider:3)
  A blink frog (Lair:6)
  A slime creature (Vaults:2)
  A ynoxinul (Depths:3)
  3 redbacks (Spider:3)
  A tarantella (Spider:3)
  An orc warrior (Vaults:1)
  3 ogres
  A boggart (Vaults:3)
  A centaur (Vaults:3)
  5 jellies (Zot:1)
  An orc priest (Orc:2)
  3 orcs (Orc:2)
  A fire vortex (Zot:5)
94 creatures vanquished.

Vanquished Creatures (others)
  A yaktaur captain (Depths:5)
  A moth of wrath (Spider:2)
  A water elemental (Depths:1)
  A human (Spider:2)
  An orc warrior (Orc:2)
  An ogre (Vaults:1)
  A centaur (D:12)
  2 bushes (Lair:6)
  124 fire vortices
  98 fulminant prisms
  23 fungi
  37 plants
  4 withered plants (Vaults:3)
295 creatures vanquished.

Grand Total: 2827 creatures vanquished

Notes
Turn   | Place    | Note
-------+----------+-------------------------------------------
     0 | D:1      | TheWayOfAllFlesh the Deep Elf Conjurer began the quest for the Orb.
     0 | D:1      | Reached XP level 1. HP: 10/10 MP: 6/6
   197 | D:1      | Reached XP level 2. HP: 15/15 MP: 6/8
   219 | D:1      | Learned a level 2 spell: Searing Ray
   743 | D:1      | Reached skill level 3 in Dodging
   831 | D:1      | Reached skill level 5 in Conjurations
   831 | D:1      | Reached XP level 3. HP: 19/19 MP: 6/10
  1118 | D:1      | Learned a level 3 spell: Dazzling Spray
  1555 | D:2      | Reached skill level 1 in Hexes
  1555 | D:2      | Reached XP level 4. HP: 24/24 MP: 3/11
  2051 | D:3      | Found a shadowy altar of Dithmenos.
  2170 | D:3      | Found a glowing drain.
  2209 | Sewer    | Entered a sewer
  2278 | Sewer    | Learned a level 4 spell: Fulminant Prism
  2516 | Sewer    | Reached XP level 5. HP: 28/28 MP: 8/13
  3198 | D:3      | Reached skill level 4 in Dodging
  3332 | D:3      | Noticed Terence
  3340 | D:3      | Killed Terence
  3340 | D:3      | Reached XP level 6. HP: 32/32 MP: 9/14
  4021 | D:4      | Reached skill level 5 in Spellcasting
  4743 | D:4      | Reached XP level 7. HP: 36/36 MP: 8/17
  4897 | D:4      | Found a runed gate.
  4897 | D:4      | Found a runed gate.
  4899 | D:4      | Found a runed gate.
  4903 | D:4      | Noticed rumpelstilzz's ghost (amateur CeFi)
  5045 | D:4      | Reached skill level 5 in Dodging
  5287 | D:4      | Found a bloodstained altar of Trog.
  5585 | D:5      | Entered Level 5 of the Dungeon
  5605 | D:5      | Found a shimmering altar of Xom.
  5605 | D:5      | Found a shimmering altar of Xom.
  5611 | D:5      | Found a shimmering altar of Xom.
  5612 | D:5      | Found a shimmering altar of Xom.
  5613 | D:5      | Found a shimmering altar of Xom.
  5650 | D:5      | Found a shimmering altar of Xom.
  6322 | D:5      | Found a shimmering altar of Xom.
  6350 | D:5      | Reached skill level 1 in Shields
  6350 | D:5      | Reached XP level 8. HP: 41/41 MP: 11/19
  6354 | D:5      | Found a glowing silver altar of Zin.
  6849 | D:5      | Reached skill level 6 in Dodging
  7339 | D:5      | Found Baufer's Gadget Shoppe.
  7496 | D:6      | Found a staircase to the Ecumenical Temple.
  7505 | Temple   | Entered the Ecumenical Temple
  7521 | Temple   | Became a worshipper of Vehumet
  7839 | D:6      | Noticed Jessica
  7872 | D:6      | Killed Jessica
  7902 | D:6      | Found a deep blue altar of Sif Muna.
  8412 | D:6      | Found Komy's Distillery.
  8420 | D:6      | Bought a potion of heal wounds for 55 gold pieces
  8420 | D:6      | Bought a potion of curing for 33 gold pieces
  8420 | D:6      | Bought 2 potions of curing for 66 gold pieces
  8420 | D:6      | Bought a potion of curing for 33 gold pieces
  8420 | D:6      | Bought a potion of agility for 44 gold pieces
  8420 | D:6      | Bought a potion of brilliance for 44 gold pieces
  8420 | D:6      | Bought a potion of lignification for 33 gold pieces
  8464 | D:6      | Reached XP level 9. HP: 45/45 MP: 14/22
  8688 | D:7      | Reached skill level 7 in Dodging
  8916 | D:7      | Reached * piety under Vehumet
  8916 | D:7      | Offered knowledge of Shock by Vehumet.
  9041 | D:7      | Found a stormy altar of Qazlal.
  9391 | D:7      | Reached skill level 1 in Fighting
  9961 | D:7      | Reached skill level 10 in Conjurations
 10156 | D:8      | Noticed a two-headed ogre
 10157 | D:8      | Found a staircase to the Lair.
 10880 | D:8      | Offered knowledge of Throw Frost by Vehumet.
 10918 | D:8      | Reached ** piety under Vehumet
 11005 | D:8      | Noticed a manticore
 11019 | D:8      | Killed a manticore
 11019 | D:8      | Reached skill level 8 in Dodging
 11671 | D:8      | Reached XP level 10. HP: 54/54 MP: 17/24
 12099 | D:9      | Noticed a two-headed ogre
 12118 | D:9      | Killed a two-headed ogre
 13245 | D:9      | Found a burning altar of Makhleb.
 13357 | D:10     | Entered Level 10 of the Dungeon
 13580 | Lair:1   | Entered Level 1 of the Lair of Beasts
 13704 | D:8      | Reached skill level 9 in Dodging
 13984 | D:8      | Killed a two-headed ogre
 13984 | D:8      | Reached skill level 10 in Spellcasting
 14315 | Lair:1   | Noticed Harold
 14423 | Lair:1   | Noticed a spiny frog
 14433 | Lair:1   | Killed a spiny frog
 14433 | Lair:1   | Offered knowledge of Conjure Flame by Vehumet.
 14433 | Lair:1   | Reached XP level 11. HP: 39/61 MP: 18/27
 14438 | Lair:1   | Learned a level 3 spell: Conjure Flame
 14787 | Lair:1   | Reached skill level 1 in Fire Magic
 14793 | Lair:1   | Killed Harold
 15459 | Lair:1   | Found a runed gate.
 15460 | Lair:1   | Found a runed gate.
 15461 | Lair:1   | Found a runed gate.
 15462 | Lair:1   | Noticed Flugkiller's ghost (journeyman DDFi)
 16318 | Lair:1   | Reached skill level 10 in Dodging
 16808 | Lair:2   | Reached *** piety under Vehumet
 17134 | Lair:2   | Reached skill level 5 in Fire Magic
 17143 | Lair:2   | Reached skill level 5 in Fighting
 17524 | Lair:2   | Offered knowledge of Airstrike by Vehumet.
 17661 | Lair:2   | Found an ancient bone altar of Kikubaaqudgha.
 18011 | Lair:2   | Reached XP level 12. HP: 45/68 MP: 23/29
 18303 | Lair:2   | Got a pitted helmet
 18345 | Lair:2   | Identified the +2 helmet "Falerhyu" {rC+} (You found it on level 2 of the Lair of Beasts)
 18973 | Lair:3   | Learned a level 2 spell: Poisonous Vapours
 18975 | Lair:3   | Noticed a four-headed hydra
 18994 | Lair:3   | Killed a four-headed hydra
 18994 | Lair:3   | Reached skill level 1 in Poison Magic
 19001 | Lair:2   | Reached skill level 11 in Dodging
 19001 | Lair:2   | Reached skill level 1 in Air Magic
 19217 | Lair:3   | Noticed Urug
 19243 | Lair:3   | Killed Urug
 19309 | Lair:3   | Noticed Rupert
 19589 | Lair:3   | Reached **** piety under Vehumet
 19795 | Lair:3   | Got an iridescent mace
 19796 | Lair:3   | Identified the cursed +1 mace of Anouhup {flame, +Blink Int+5 Dex+2} (You found it on level 3 of the Lair of Beasts)
 19804 | Lair:3   | Learned a level 6 spell: Freezing Cloud
 19890 | Lair:3   | Found a staircase to the Shoals.
 20120 | Lair:3   | Reached skill level 1 in Ice Magic
 20377 | Lair:3   | Identified a scroll of acquirement
 20539 | Lair:4   | Noticed an eight-headed hydra
 20556 | Lair:4   | Offered knowledge of Throw Icicle by Vehumet.
 20601 | Lair:4   | Killed an eight-headed hydra
 20610 | Lair:4   | Noticed a four-headed hydra
 20615 | Lair:4   | Killed a four-headed hydra
 20735 | Lair:4   | Learned a level 4 spell: Throw Icicle
 21431 | Lair:4   | Found a hole to the Spider Nest.
 21486 | Lair:4   | Reached skill level 5 in Ice Magic
 21487 | Lair:4   | Reached skill level 12 in Dodging
 21509 | Lair:4   | Reached XP level 13. HP: 63/76 MP: 7/31
 23292 | Lair:6   | Entered Level 6 of the Lair of Beasts
 23301 | Lair:6   | Reached ***** piety under Vehumet
 23603 | Lair:6   | Offered knowledge of Olgreb's Toxic Radiance by Vehumet.
 23893 | Lair:6   | Learned a level 4 spell: Olgreb's Toxic Radiance
 24018 | Lair:6   | Noticed Snorg
 24181 | Lair:6   | Noticed Josephine
 24188 | Lair:6   | Killed Josephine
 24490 | Lair:6   | Killed Snorg
 24875 | Lair:6   | Reached skill level 13 in Dodging
 25248 | Lair:6   | Reached XP level 14. HP: 65/84 MP: 1/34
 25912 | Lair:6   | Found a staircase to the Slime Pits.
 25912 | Lair:6   | Found a viscous altar of Jiyva.
 26036 | D:8      | Upgraded the game from 0.22.0-36-g8e74550d25 to 0.22.0-38-g04b72b8c25
 26554 | D:10     | Found a staircase to the Orcish Mines.
 27146 | D:10     | Offered knowledge of Sticky Flame by Vehumet.
 27564 | D:10     | Found Xiarau's Assorted Antiques.
 27613 | D:10     | Bought a golden potion for 36 gold pieces
 27614 | D:10     | Bought a scroll of identify for 80 gold pieces
 28044 | D:11     | Found Sisuy's Book Boutique.
 28584 | D:11     | Identified the +0 robe of Abstinence {rF+ Int+5 Stlth+} (You found it on level 11 of the Dungeon)
 28632 | D:11     | Found a runed gate.
 28632 | D:11     | Found a runed gate.
 28632 | D:11     | Found a runed gate.
 28638 | D:11     | Noticed Ulei's ghost (journeyman NaFi)
 30733 | D:13     | Found Xaichucw's Distillery.
 30847 | D:13     | Bought 2 potions of haste for 300 gold pieces
 30847 | D:13     | Bought a potion of resistance for 150 gold pieces
 30847 | D:13     | Bought a potion of magic for 120 gold pieces
 31152 | D:13     | Offered knowledge of Ozocubu's Refrigeration by Vehumet.
 32146 | D:13     | Reached skill level 14 in Dodging
 32742 | D:14     | Found Nevvux's Magic Scroll Emporium.
 32904 | D:14     | Reached skill level 15 in Spellcasting
 33795 | D:14     | Reached XP level 15. HP: 90/90 MP: 29/36
 34757 | D:14     | Reached skill level 10 in Ice Magic
 34949 | D:14     | Found a gate to the Vaults.
 35306 | D:14     | Offered knowledge of Fireball by Vehumet.
 35835 | D:15     | Entered Level 15 of the Dungeon
 36809 | D:15     | Reached skill level 15 in Conjurations
 37249 | D:15     | Found a staircase to the Depths.
 37541 | D:15     | Found a blossoming altar of Fedhas.
 38013 | Spider:1 | Entered Level 1 of the Spider Nest
 38019 | Lair:4   | Reached skill level 15 in Dodging
 38180 | Lair:4   | Reached skill level 10 in Fighting
 38397 | Spider:1 | Reached skill level 5 in Shields
 39301 | Lair:4   | Learned a level 5 spell: Fireball
 39352 | Shoals:1 | Entered Level 1 of the Shoals
 39369 | Shoals:1 | Got a crude buckler
 39370 | Shoals:1 | Identified the +4 buckler of the Saviour {rPois rC+ Int+4} (You acquired it on level 1 of the Shoals)
 39445 | Shoals:1 | Found a frozen archway.
 39479 | IceCv    | Entered an ice cave
 40159 | IceCv    | Reached XP level 16. HP: 98/98 MP: 31/38
 40386 | IceCv    | Offered knowledge of Bolt of Fire by Vehumet.
 40414 | IceCv    | Learned a level 6 spell: Bolt of Fire
 40690 | IceCv    | Identified the +8 plate armour "Unesem" {Int+4} (You found it in an ice cave)
 40707 | IceCv    | Noticed an Ice Fiend
 40710 | IceCv    | Killed an Ice Fiend
 43227 | Lair:3   | Found a staircase to the Shoals.
 43265 | Lair:3   | Killed Rupert
 44973 | Shoals:3 | Offered knowledge of Bolt of Cold by Vehumet.
 45252 | Shoals:4 | Entered Level 4 of the Shoals
 45718 | Shoals:4 | Reached skill level 10 in Fire Magic
 46129 | Shoals:4 | Learned a level 8 spell: Ignition
 46458 | Shoals:4 | Reached XP level 17. HP: 104/104 MP: 15/39
 47187 | Shoals:4 | Got a barnacled rune of Zot
 48175 | Orc:1    | Entered Level 1 of the Orcish Mines
 48535 | Orc:2    | Entered Level 2 of the Orcish Mines
 48616 | Orc:2    | Offered knowledge of Spellforged Servitor by Vehumet.
 48736 | Orc:2    | Learned a level 7 spell: Spellforged Servitor
 48763 | Orc:2    | Found a staircase to the Elven Halls.
 48779 | Orc:2    | Noticed Donald
 48855 | Orc:1    | Reached skill level 1 in Summonings
 49197 | Orc:2    | Killed Donald
 49686 | Orc:2    | Found Gelenapt's Armour Shoppe.
 49686 | Orc:2    | Found Plog's Armour Shop.
 49688 | Orc:2    | Found Jios's Magic Scroll Shoppe.
 49688 | Orc:2    | Found Jugg's General Store.
 49696 | Orc:2    | Bought a scroll of blinking for 112 gold pieces
 49696 | Orc:2    | Bought a scroll of blinking for 112 gold pieces
 49705 | Orc:2    | Bought the +2 pair of boots of the Assassin {Detection Stab+ Stlth++} for 840 gold pieces
 49705 | Orc:2    | Found the +2 pair of boots of the Assassin {Detection Stab+ Stlth++}
 50717 | Spider:1 | Learned a level 4 spell: Passage of Golubria
 51151 | Spider:2 | Reached skill level 1 in Translocations
 51344 | Spider:2 | Reached ****** piety under Vehumet
 51817 | Spider:2 | Noticed Kirke
 51822 | Spider:2 | Killed Kirke
 51845 | Spider:2 | Offered knowledge of Fire Storm by Vehumet.
 51845 | Spider:2 | Offered knowledge of Glaciate by Vehumet.
 51845 | Spider:2 | Offered knowledge of Shatter by Vehumet.
 52943 | Spider:3 | Reached skill level 5 in Summonings
 53231 | Spider:3 | Got a slimy platinum amulet
 53356 | Spider:3 | Reached XP level 18. HP: 112/112 MP: 21/40
 53368 | Spider:3 | Identified the amulet of Light {Reflect rPois Str-4 Dex+4 SH+2 Stlth+} (You found it on level 3 of the Spider Nest)
 54548 | Spider:4 | Entered Level 4 of the Spider Nest
 56304 | Spider:4 | Got a gossamer rune of Zot
 56727 | Vaults:1 | Entered Level 1 of the Vaults
 57196 | Vaults:1 | Found a flickering gateway to a bazaar.
 57220 | Bazaar   | Entered a bazaar
 57220 | Bazaar   | Found Qeniaf's Armour Emporium.
 57220 | Bazaar   | Found Inidotist's Weapon Shoppe.
 57220 | Bazaar   | Found Vaiczitzi's Magic Scroll Emporium.
 57220 | Bazaar   | Found Acayfuaz's Food Emporium.
 57341 | Bazaar   | Bought a scroll of fog for 24 gold pieces
 57341 | Bazaar   | Bought 3 scrolls of magic mapping for 126 gold pieces
 57341 | Bazaar   | Bought a scroll of teleportation for 36 gold pieces
 57341 | Bazaar   | Bought a scroll of teleportation for 36 gold pieces
 57341 | Bazaar   | Bought a scroll of enchant armour for 90 gold pieces
 57341 | Bazaar   | Bought a scroll of identify for 24 gold pieces
 57341 | Bazaar   | Bought a scroll of enchant weapon for 90 gold pieces
 57754 | Vaults:1 | Found Utaicysk's Armour Boutique.
 58217 | Vaults:1 | Reached XP level 19. HP: 87/118 MP: 24/42
 58515 | Vaults:1 | Reached skill level 16 in Dodging
 58616 | Vaults:1 | Reached skill level 15 in Fire Magic
 60665 | Vaults:2 | Reached skill level 17 in Dodging
 61357 | Vaults:3 | Reached XP level 20. HP: 117/126 MP: 43/43
 61817 | Vaults:3 | Found a runed gate.
 61817 | Vaults:3 | Noticed Reogah's ghost (adept MfBe)
 61818 | Vaults:3 | Found a runed gate.
 61818 | Vaults:3 | Found a runed gate.
 61820 | Vaults:3 | Noticed Dadweuku's ghost (adept DsMo)
 62339 | Vaults:3 | Learned a level 1 spell: Apportation
 63094 | Vaults:3 | Found a staircase to the Crypt.
 63261 | Vaults:3 | Reached skill level 18 in Dodging
 63897 | Crypt:1  | Entered Level 1 of the Crypt
 65607 | Vaults:5 | Entered Level 5 of the Vaults
 65608 | Vaults:5 | Reached XP level 21. HP: 132/132 MP: 44/44
 65612 | Vaults:5 | Noticed Mennas
 65830 | Depths:1 | Entered Level 1 of the Depths
 65858 | Depths:1 | Found a one-way gate to the infinite horrors of the Abyss.
 66411 | Depths:1 | Found Qoipp's Pet Rocks.
 66556 | Depths:1 | Found a gateway to Hell.
 66663 | Depths:1 | Reached skill level 15 in Fighting
 66686 | Depths:1 | Reached skill level 19 in Dodging
 68854 | Depths:2 | Reached XP level 22. HP: 140/140 MP: 38/45
 69516 | Depths:2 | Found an iron altar of Okawaru.
 69568 | Depths:2 | Found a one-way gate leading to the halls of Pandemonium.
 69681 | Depths:2 | Learned a level 9 spell: Fire Storm
 70190 | Depths:2 | Found a gateway to a ziggurat.
 71564 | Depths:3 | Reached skill level 20 in Dodging
 71966 | Depths:3 | Found Liuddeyr's Jewellery Emporium.
 71966 | Depths:3 | Found Foejurao's Gadget Shop.
 71967 | Depths:3 | Found Naif's Gadget Shop.
 71982 | Depths:3 | Bought a +5 amulet of reflection for 700 gold pieces
 73045 | Depths:4 | Found Tyonuux's Gadget Emporium.
 73795 | Depths:4 | Reached XP level 23. HP: 146/146 MP: 47/47
 74512 | Depths:4 | Found a glowing silver altar of Zin.
 75347 | Depths:5 | Entered Level 5 of the Depths
 75533 | Depths:5 | Noticed a caustic shrike
 75535 | Depths:5 | Killed a caustic shrike
 75915 | Depths:5 | Noticed a juggernaut
 76088 | Depths:5 | Killed a juggernaut
 76408 | Depths:5 | Reached skill level 21 in Dodging
 76410 | Depths:5 | Noticed an ancient lich
 76584 | Depths:5 | Killed an ancient lich
 77391 | Depths:5 | Reached XP level 24. HP: 154/154 MP: 42/48
 77748 | Depths:5 | Found a gate to the Realm of Zot.
 77839 | Depths:5 | Identified Plog's Almanac of Quantum Lightness
 78768 | Slime:1  | Entered Level 1 of the Pits of Slime
 79119 | Slime:4  | Noticed Dissolution
 79957 | Slime:1  | Gained mutation: Your spells are a little easier to cast, but a little less powerful. [a shining eye]
 80904 | Slime:4  | Killed Dissolution
 81562 | Slime:5  | Entered Level 5 of the Pits of Slime
 82214 | Slime:5  | Gained mutation: You are robust. (+10% HP) [a shining eye]
 82336 | Slime:5  | Noticed the Royal Jelly
 82339 | Slime:5  | Killed the Royal Jelly
 82503 | Slime:5  | Identified the +1 robe of Qurea {+Fly MR++ Str+4 Int-3} (You found it on level 5 of the Pits of Slime)
 82550 | Slime:5  | Got a slimy rune of Zot
 82593 | Slime:5  | Identified the +12 trident of Amorality {venom, +Inv rElec Str-3 Int-3} (You found it on level 5 of the Pits of Slime)
 83037 | D:15     | Learned a level 2 spell: Blink
 83044 | D:15     | Learned a level 6 spell: Iron Shot
 83220 | Depths:5 | Reached skill level 22 in Dodging
 83289 | Zot:1    | Entered Level 1 of the Realm of Zot
 83311 | Zot:1    | Reached skill level 1 in Earth Magic
 83761 | Zot:1    | Reached XP level 25. HP: 176/176 MP: 35/50
 83859 | Zot:1    | Noticed an orb of fire
 83865 | Zot:1    | Gained mutation: You are clumsy. (Dex -2) [an orb of fire]
 83871 | Zot:1    | Killed an orb of fire
 83871 | Zot:1    | Reached skill level 5 in Earth Magic
 85997 | Zot:2    | Reached skill level 23 in Dodging
 86624 | Zot:2    | Noticed Plog's ghost (veteran DDFi)
 86625 | Zot:2    | Found a runed door.
 88248 | Zot:3    | Reached skill level 24 in Dodging
 89075 | Zot:3    | Reached XP level 26. HP: 187/187 MP: 50/50
 91188 | Zot:5    | Entered Level 5 of the Realm of Zot
 92481 | Zot:5    | Noticed an ancient lich
 92485 | Zot:5    | Killed an ancient lich
 92625 | Zot:5    | Noticed an ancient lich
 92628 | Zot:5    | Killed an ancient lich
 92628 | Zot:5    | Reached skill level 25 in Dodging
 92633 | Zot:5    | Noticed an ancient lich
 92641 | Zot:5    | Killed an ancient lich
 93064 | Zot:5    | Noticed an ancient lich
 93067 | Zot:5    | Killed an ancient lich
 93067 | Zot:5    | Reached skill level 10 in Earth Magic
 93375 | Zot:5    | Noticed an ancient lich
 93725 | Zot:5    | Killed an ancient lich
 93991 | Zot:5    | Noticed an orb of fire
 94003 | Zot:5    | Killed an orb of fire
 94137 | Zot:5    | Noticed an ancient lich
 94140 | Zot:5    | Killed an ancient lich
 94669 | Zot:5    | Noticed an ancient lich
 94673 | Zot:5    | Killed an ancient lich
 95289 | Zot:5    | Reached XP level 27. HP: 196/196 MP: 42/50
 95438 | Zot:5    | Noticed an orb of fire
 95444 | Zot:5    | Killed an orb of fire
 95578 | Zot:5    | Noticed an orb of fire
 95594 | Zot:5    | Killed an orb of fire
 96073 | Zot:5    | Reached skill level 26 in Dodging
 96399 | Zot:5    | Noticed an orb of fire
 96405 | Zot:5    | Killed an orb of fire
 97461 | Zot:5    | Got the Orb of Zot
 97786 | Depths:1 | Reached skill level 1 in Armour
 98110 | D:$      | Escaped with the Orb!

Skill      XL: |  1  2  3  4  5  6  7  8  9 10 11 12 13 14 15 16 17 18 19 20 21 22 23 24 25 26 27 |
---------------+----------------------------------------------------------------------------------+-----
Dodging        | 3 4 5 6 8 9 10 12 13 14 15 17 18 19 20 21 22 24 25 26 | 26.3
Conjurations   | 5 6 7 8 9 10 12 13 14 15 16 17 18 19 20 21 | 21.0
Hexes          | 1 2 3 4 |  4.1
Spellcasting   | 4 5 6 7 8 10 11 12 14 15 16 17 18 19 21 | 21.0
Shields        | 1 2 3 4 5 6 |  6.5
Fighting       | 2 4 5 7 8 9 10 11 12 13 14 15 16 17 18 20 | 20.5
Fire Magic     | 5 10 12 14 16 17 18 19 20 | 20.7
Poison Magic   | 2 4 |  4.0
Air Magic      | 2 |  2.0
Ice Magic      | 5 8 9 10 | 10.0
Summonings     | 5 8 |  8.0
Translocations | 3 4 |  4.0
Earth Magic    | 4 6 10 | 10.0
Armour         | 1 |  1.2
Stealth        | |  2.4

Action                   |  1- 3 |  4- 6 |  7- 9 | 10-12 | 13-15 | 16-18 | 19-21 | 22-24 | 25-27 || total
-------------------------+-------+-------+-------+-------+-------+-------+-------+-------+-------++-------
Melee: Dagger            |       |     1 |       |       |       |       |       |       |       ||     1
       Mace              |       |       |       |     1 |    22 |     5 |       |       |       ||    28
       Staff             |       |       |       |       |       |    10 |     5 |       |     4 ||    19
 Fire: Hunting sling     |       |     5 |       |     4 |       |       |       |       |       ||     9
       Blowgun           |       |     9 |       |       |       |       |       |       |       ||     9
 Cast: Magic Dart        |    68 |   139 |   215 |   254 |   130 |    22 |     8 |       |       ||   836
       Searing Ray       |     5 |    14 |    45 |    54 |       |       |       |       |       ||   118
       Fulminant Prism   |       |     6 |    20 |    47 |    10 |    11 |     4 |       |       ||    98
       Dazzling Spray    |       |       |    12 |    98 |       |       |       |       |       ||   110
       Conjure Flame     |       |       |       |     3 |     1 |       |       |       |       ||     4
       Poisonous Vapours |       |       |       |    40 |   189 |   116 |     6 |       |     1 ||   352
       Throw Icicle      |       |       |       |    22 |   459 |    21 |    58 |    61 |       ||   621
       Freezing Cloud    |       |       |       |    10 |    57 |     3 |       |       |       ||    70
       Olgreb's Toxic Ra |       |       |       |       |    56 |    45 |     6 |       |       ||   107
       Fireball          |       |       |       |       |    20 |    86 |    29 |    15 |     5 ||   155
       Bolt of Fire      |       |       |       |       |       |   428 |   302 |   425 |   256 ||  1411
       Ignition          |       |       |       |       |       |    38 |    93 |    57 |    12 ||   200
       Spellforged Servi |       |       |       |       |       |    19 |    12 |     9 |    21 ||    61
       Fire Storm        |       |       |       |       |       |       |       |    52 |    72 ||   124
       Iron Shot         |       |       |       |       |       |       |       |     4 |    83 ||    87
Evoke: Wand              |       |       |       |    16 |    23 |     3 |     1 |    10 |     7 ||    60
       Lamp of fire      |       |       |       |       |     2 |       |       |     1 |       ||     3
  Use: Scroll            |       |    14 |     5 |    15 |    21 |    11 |     2 |    22 |    12 ||   102
       Potion            |       |       |     1 |     5 |     9 |       |       |       |     3 ||    18
 Stab: Sleeping          |       |     1 |       |       |     1 |     1 |     1 |       |       ||     4
       Distracted        |       |       |       |       |     1 |       |       |       |       ||     1
  Eat: Chunk             |     2 |    10 |    17 |    27 |    58 |    68 |    49 |    19 |     4 ||   254
       Ration            |       |       |     2 |     3 |       |     1 |       |    11 |    16 ||    33
Armor: Robe              |     1 |     7 |    13 |     1 |    49 |    36 |     4 |     8 |    10 ||   129
       Skin              |       |       |    13 |     6 |       |       |       |       |       ||    19
       Leather armour    |       |       |       |    50 |    14 |       |       |       |       ||    64
Dodge: Dodged            |     6 |    47 |    92 |   297 |   304 |   171 |    77 |    67 |   107 ||  1168
Block: Buckler           |       |       |    19 |    91 |   110 |   105 |    52 |    36 |    54 ||   467
       Reflection        |       |       |       |       |    12 |       |       |    11 |     6 ||    29
